 Dungeon Crawl Stone Soup version 0.31.0-11-ge490571c62 (webtiles) character file.

Game seed: 16814061909335634365

125 SnakkuSnakku7 the Cudgeller (level 4, 0/34 HPs)
             Began as a Mummy Alchemist on Jan 26, 2024.
             Slain by an iguana (1 damage)
             ... on level 4 of the Dungeon.
             The game lasted 00:03:20 (2808 turns).

SnakkuSnakku7 the Cudgeller (Mummy Alchemist)       Turns: 2808, Time: 00:03:20

Health: 0/34       AC:  9    Str: 13    XL:     4   Next: 82%
Magic:  8/8        EV:  6    Int: 14    God:
Gold:   175        SH:  0    Dex: 12    Spells: 7/8 levels left

rFire   x . .        a - +0 morningstar
rCold   + . .        (no shield)
rNeg    + + +        l - +0 chain mail
rPois   ∞            (no helmet)
rElec   .            (no cloak)
rCorr   .            (no gloves)
SInv    .            i - +0 pair of boots
Will    .....        (no amulet) Stlth
                     (no ring)
HPRegen 0.25/turn    (no ring)
MPRegen 0.11/turn

%: faith
@: no status effects
A: cold resistance 1, negative energy resistance 3, torment resistance 2, heat
vulnerability 1, in touch with death 1, no potions, faith
a: no special abilities


You were on level 4 of the Dungeon.
You visited 1 branch of the dungeon, and saw 4 of its levels.

You collected 175 gold pieces.

Inventory:

Hand Weapons
 a - a +0 morningstar (weapon)
 d - a +0 whip
 k - a +0 mace
Armour
 g - a +0 robe
 h - a +0 leather armour
 i - a +0 pair of boots (worn)
 j - a +0 ring mail
 l - a +0 chain mail (worn)
Scrolls
 b - a scroll of enchant armour {unknown}
 c - 3 scrolls of blinking {unknown}
 e - 2 scrolls of identify {unknown}
 f - 3 scrolls of teleportation {unknown}


   Skills:
 - Level 2.5 Fighting
 + Level 2.9 Maces & Flails
 - Level 1.5 Dodging
 - Level 1.5 Stealth
 - Level 2.6 Spellcasting
 - Level 0.7 Conjurations
 - Level 2.4 Alchemy


You had 7 spell levels left.
You knew the following spells:

 Your Spells              Type           Power      Damage    Failure   Level
a - Sting                 Conj/Alch      24%        1d4       96%         1

Your spell library contained the following spells:

 Spells                   Type           Power      Damage    Failure   Level
 Mercury Vapours          Alch/Air       10%        N/A       99%         2
 Blink                    Tloc           2%         N/A       100%        2
 Lesser Beckoning         Tloc           2%         N/A       100%        2
 Momentum Strike          Conj/Tloc      4%         3d8       100%        2
 Dazzling Flash           Conj/Hex       4%         N/A       100%        3
 Mephitic Cloud           Conj/Alch/Air  4%         N/A       100%        3
 Volatile Blastmotes      Fire/Tloc      2%         2d10      100%        3
 Olgreb's Toxic Radiance  Alch           8%         N/A       100%        4
 Sticky Flame             Fire/Alch      5%         2d4       100%        4
 Freezing Cloud           Conj/Ice/Air   1%         6-21      100%        5
 Starburst                Conj/Fire      1%         6d3       100%        6
 Maxwell's Capacitive Co  Air            0%         ∞         100%        8


Dungeon Overview and Level Annotations

Branches:
Dungeon (4/15)
 Temple: D:4-7

Altars:


Innate Abilities, Weirdness & Mutations

You are immune to poison.
Your flesh is cold resistant. (rC+)
You are immune to negative energy. (rN+++)
You are immune to unholy pain and torment.
You are vulnerable to heat. (rF-)
You are in touch with the powers of death.
You do not drink.
You have a special connection with the divine. (Faith)


Message History

You see here a +0 pair of boots.
You see here a +0 pair of boots.
An iguana comes into view.
An iguana is nearby!
The iguana bites you.
You hit the iguana.
The iguana is lightly wounded.
The iguana hisses menacingly.
The iguana closely misses you.
You closely miss the iguana.
The iguana is lightly wounded.
The iguana barely misses you.
You hit the iguana.
The iguana is heavily wounded.
The iguana bites you. The iguana barely misses you.
You hit the iguana.
The iguana is severely wounded.
The iguana bites you but does no damage.
You hit the iguana.
The iguana is severely wounded.
The iguana bites you! The iguana barely misses you.
You are too injured to fight recklessly!
You are too injured to fight recklessly!
You are too injured to fight recklessly!
You closely miss the iguana.
The iguana is severely wounded.
The iguana bites you but does no damage.
You hit the iguana.
The iguana is severely wounded.
The iguana bites you but does no damage.
You hit the iguana.
The iguana is almost dead.
The iguana bites you!
* * * LOW HITPOINT WARNING * * *
You completely miss the iguana.
The iguana is almost dead.
The iguana bites you!
* * * LOW HITPOINT WARNING * * *
The iguana bites you.
You die...

#.#
#.##).......
#.#
#...........
#.#
#)#..#.##...
#.#####.#..# #
#.......#..#.#
###[#####..#.#
#..........#
#######..##...
#@.# #l.# #..#
#... #####


You could see an iguana.

Vanquished Creatures
  A gnoll (D:2)
  4 adders
  A dart slug (D:1)
  A ribbon worm (D:3)
  7 orcs
  7 ball pythons
  6 bats
  3 endoplasms
  2 giant cockroaches
  5 goblins
  4 hobgoblins
  7 jackals
  A quokka (D:2)
  4 frilled lizards
  8 kobolds
  6 rats
67 creatures vanquished.

Notes
Turn   | Place    | Note
-------+----------+-------------------------------------------
     0 | D:1      | SnakkuSnakku7 the Mummy Alchemist began the quest for the
                  | Orb.
     0 | D:1      | Reached XP level 1. HP: 13/13 MP: 4/4
    97 | D:1      | Reached skill level 1 in Fighting
   140 | D:1      | Reached XP level 2. HP: 22/22 MP: 1/5
  1048 | D:2      | Reached XP level 3. HP: 28/28 MP: 7/7
  1192 | D:2      | Found a faded altar of an unknown god.
  1402 | D:2      | Reached skill level 1 in Maces & Flails
  2002 | D:3      | Reached XP level 4. HP: 34/34 MP: 8/8
  2605 | D:4      | Noticed an ogre
  2808 | D:4      | HP: 1/34 [iguana (8)]
  2808 | D:4      | Slain by an iguana

Illustrated notes

Levels and vault maps discovered:
D:1:      minmay_arrival_stair_chambers, layout_loops_cross
D:2:      layout_basic, shapermc_ecumenical_altar_mp_urbaneastern, st_stairs_7,
          roderic_serpentine_path
D:3:      layout_loops_corners, kennysheep_potato
D:4:      layout_loops_ring, kennysheep_mini, nicolae_shop_self_help

Skill      XL: |  1  2  3  4 |
---------------+-------------+-----
Fighting       | 1 2 |  2.5
Maces & Flails | 1 2 |  2.9
Dodging        | |  1.5
Stealth        | |  1.5
Spellcasting   | |  2.6
Conjurations   | |  0.7
Alchemy        | |  2.4

Action                     |  1- 3 |  4- 6 || total
---------------------------+-------+-------++-------
  Melee: Whip              |    73 |       ||    73
         Mace              |    98 |     3 ||   101
         Morningstar       |       |    69 ||    69
   Cast: Sting             |    12 |       ||    12
   Stab: Sleeping          |     5 |     3 ||     8
 Armour: Robe              |    69 |       ||    69
         Leather armour    |    52 |    30 ||    82
         Chain mail        |       |    26 ||    26
  Dodge: Dodged            |   147 |    43 ||   190
